 Dungeon Crawl Stone Soup version 0.21-a0-582-g1b93aee (webtiles) character file.

10494 Gaball the Brawler (level 11, -4/101 HPs)
             Began as a Troll Berserker on Dec 19, 2017.
             Was a High Priest of Trog.
             Slain by a sixfirhy (10 damage)
             ... summoned by a kobold demonologist
             ... on level 10 of the Dungeon.
             The game lasted 00:16:06 (6863 turns).

Gaball the Brawler (Troll Berserker)                Turns: 6863, Time: 00:16:07

Health: -4/101     AC: 10    Str: 30    XL:     11   Next: 36%
Magic:  0/10       EV: 12    Int:  3    God:    Trog [*****.]
Gold:   289        SH:  0    Dex:  9    Spells: 10/10 levels left

rFire    . . .     SeeInvis +     - Unarmed
rCold    . . .     Gourm    +   (no shield)
rNeg     . . .     Faith    .   B - +5 robe of Night {Dark MR+ SInv}
rPois    +         Spirit   +   (helmet restricted)
rElec    .         Reflect  .   o - +0 cloak
rCorr    .         Harm     .   (gloves unavailable)
MR       ++...                  (boots unavailable)
Stlth    +.........             F - amulet of guardian spirit
HPRegen  0.66/turn              s - ring of protection from magic
MPRegen  0.12/turn              r - ring of poison resistance

@: marked, hasted, very quick
A: large, unfitting armour, claws 3, horns 2, repulsion field 1, deformed body,
fast metabolism 3, gourmand, regeneration 1, shaggy fur 1, tough skin 2
a: Berserk, Trog's Hand, Brothers in Arms, Burn Spellbooks, Renounce Religion


You were on level 10 of the Dungeon.
You worshipped Trog.
Trog was extremely pleased with you.
You were near starving.

You visited 1 branch of the dungeon, and saw 10 of its levels.
You also visited: Sewer.

You collected 493 gold pieces.
You spent 204 gold pieces at shops.

Inventory:

Armour
 a - a +0 animal skin
 d - a +0 chain mail
 o - a +0 cloak (worn)
 A - a cursed +0 pair of boots
 B - the +5 robe of Night (worn) {Dark MR+ SInv}
   (You found it on level 7 of the Dungeon)

   It affects your resistance to hostile enchantments.
   It lets you see invisible.
 L - a +0 troll leather armour
Jewellery
 h - an uncursed ring of ice
 r - a ring of poison resistance (right claw)
 s - a ring of protection from magic (left claw)
 C - a +3 amulet of reflection
 D - an uncursed ring of ice
 F - an amulet of guardian spirit (around neck)
 J - a +5 amulet of reflection
Wands
 H - a wand of random effects (27)
 K - a wand of polymorph (5)
Scrolls
 c - 7 scrolls of teleportation
 f - 2 scrolls of immolation
 g - a scroll of blinking {unknown}
 m - a scroll of remove curse
 p - 2 scrolls of noise
 t - a scroll of random uselessness {unknown}
 u - a scroll of enchant weapon {unknown}
 v - 2 scrolls of fear {unknown}
 y - a scroll of fog {unknown}
 E - 2 scrolls of enchant armour
 G - 2 scrolls of amnesia {unknown}
 M - a scroll of summoning {unknown}
 N - a scroll of silence {unknown}
Potions
 e - 2 potions of agility {unknown}
 i - 2 potions of haste
 j - a potion of curing
 k - a potion of degeneration
 l - 3 potions of heal wounds
 n - 3 potions of might
 w - a potion of magic {unknown}
 x - 3 potions of mutation
 z - a potion of flight {unknown}
 I - 2 potions of lignification
Comestibles
 b - 22 rations


   Skills:
 + Level 4.5 Fighting
 + Level 2.4 Dodging
 - Level 16.5 Unarmed Combat


You had 10 spell levels left.
You didn't know any spells.

Dungeon Overview and Level Annotations

Branches:
Dungeon (10/15)            Temple (0/1) D:5            Lair (0/6) D:9
    Orc (0/2) D:9

Altars:
Fedhas
Gozag
Makhleb
Nemelex Xobeh
Uskayaw
Wu Jian
Xom

Shops:
D:9 !   D:10 =

Annotations:
D:2 exclusion: oklob plant
D:5 2 transporters


Innate Abilities, Weirdness & Mutations

You are too large for most types of armour.
You have claws for hands.
Your metabolism is lightning-fast.
You like to eat raw meat.
Your natural rate of healing is unusually fast.
You are covered in fur. (AC +1)
You have very tough skin. (AC +2)
You have a pair of horns on your head.
You are surrounded by a mild repulsion field. (EV +2)
Armour fits poorly on your strangely shaped body.


Message History

The sixfirhy shocks you!
* * * LOW HITPOINT WARNING * * *
The sixfirhy misses you.
Okay, then.
You feel much better.
You feel yourself speed up. The sixfirhy hits you!
* * * LOW HITPOINT WARNING * * *
The sixfirhy shocks you!
* * * LOW HITPOINT WARNING * * *
The sixfirhy hits you.
* * * LOW HITPOINT WARNING * * *
The sixfirhy shocks you!
* * * LOW HITPOINT WARNING * * *
The sixfirhy hits you but does no damage.
You feel as though your hastened speed will last longer.
The sixfirhy barely misses you. The sixfirhy hits you.
* * * LOW HITPOINT WARNING * * *
The sixfirhy shocks you!
You die...

#.# #.## .. #.# #..# #.#
##.## #.# #..# ##♣#.#
##.## ### ♣.∩.♣# #..## #..
#.♣..# ##..# #..
#..##.#############.###
#..
.........K)KK.53@.....##
#..
######K############....###
#.. #>..# ###....######..
###K# ##.#......'.. #.##
#.########.. #(.# #.# ###
##(# #<# #K# #.


KKK You could see a kobold demonologist, a sixfirhy, a big kobold and a quasit.

Vanquished Creatures
  Erolcha (D:9)
  A hydra (D:8)
  3 two-headed ogres
  A troll (D:9)
  A hornet (D:9)
  Grinder (D:5)
  A hippogriff (D:7)
  2 dream sheep (D:8)
  7 yaks
  A hungry ghost (D:8)
  Menkaure (D:5)
  2 water moccasins
  2 porcupines (D:9)
  3 sky beasts
  4 black bears
  2 ice beasts
  A phantom (D:3)
  An orc warrior (D:9)
  2 ogres
  A necrophage (D:6)
  3 crocodiles
  3 centaurs
  7 big kobolds
  A wyvern zombie (D:10)
  5 bullfrogs
  2 scorpions
  A water moccasin skeleton (D:4)
  9 killer bees
  2 howler monkeys
  5 crimson imps
  A quasit (D:9)
  A bullfrog zombie (D:10)
  3 jellies
  3 hounds
  5 orc priests
  5 orc wizards
  An iguana (D:6)
  5 worker ants
  A hound zombie (D:5)
  A hound skeleton (D:9)
  18 adders
  2 river rats (Sewer)
  4 oozes
  2 adder skeletons
  An adder zombie (D:7)
  3 worms (Sewer)
  A dart slug (D:1)
  9 leopard geckos
  13 orcs
  7 giant cockroaches
  9 goblins
  8 hobgoblins
  8 jackals
  2 quokkas
  9 ball pythons
  7 bats
  4 frilled lizards
  22 kobolds
  A leopard gecko skeleton (D:4)
  9 rats
241 creatures vanquished.

Vanquished Creatures (others)
  11 fungi (D:9)
  3 plants
14 creatures vanquished.

Grand Total: 255 creatures vanquished

Notes
Turn   | Place    | Note
-------+----------+-------------------------------------------
     0 | D:1      | Gaball the Troll Berserker began the quest for the Orb.
     0 | D:1      | Reached XP level 1. HP: 22/22 MP: 0/0
   116 | D:1      | Reached XP level 2. HP: 29/29 MP: 1/1
   247 | D:1      | Reached ** piety under Trog
   247 | D:1      | Reached skill level 4 in Unarmed Combat
   307 | D:1      | Reached XP level 3. HP: 35/36 MP: 2/2
   580 | D:2      | Reached XP level 4. HP: 44/44 MP: 3/3
   610 | D:2      | Reached skill level 5 in Unarmed Combat
  1047 | D:2      | Found a blossoming altar of Fedhas.
  1068 | D:2      | Noticed an oklob plant
  1152 | D:3      | Noticed a phantom
  1171 | D:3      | Killed a phantom
  1171 | D:3      | Reached skill level 6 in Unarmed Combat
  1171 | D:3      | Reached XP level 5. HP: 42/50 MP: 4/4
  1608 | D:4      | Reached XP level 6. HP: 56/59 MP: 5/5
  1616 | D:4      | Reached skill level 7 in Unarmed Combat
  1632 | D:4      | Reached *** piety under Trog
  1665 | D:4      | Found a hide-covered altar of Uskayaw.
  1696 | D:4      | Found a glowing drain.
  1720 | Sewer    | Entered a sewer
  1787 | Sewer    | Reached skill level 8 in Unarmed Combat
  1787 | Sewer    | Reached XP level 7. HP: 66/66 MP: 6/6
  2103 | D:4      | Found a shimmering altar of Xom.
  2235 | D:4      | Found an ornate altar of the Wu Jian Council.
  2280 | D:5      | Entered Level 5 of the Dungeon
  2281 | D:5      | Noticed Menkaure
  2295 | D:5      | Killed Menkaure
  2295 | D:5      | Reached skill level 9 in Unarmed Combat
  2488 | D:5      | Noticed Grinder
  2501 | D:5      | Killed Grinder
  2501 | D:5      | Reached skill level 10 in Unarmed Combat
  2501 | D:5      | Reached XP level 8. HP: 70/74 MP: 7/7
  2554 | D:5      | Found a transporter.
  2557 | D:5      | Noticed a kobold demonologist
  2562 | D:5      | Found a transporter.
  2566 | D:5      | Found a staircase to the Ecumenical Temple.
  2614 | D:5      | Found a burning altar of Makhleb.
  2639 | D:5      | Reached **** piety under Trog
  3672 | D:6      | Reached skill level 11 in Unarmed Combat
  3802 | D:6      | Found an opulent altar of Gozag.
  3802 | D:6      | Found a sparkling altar of Nemelex Xobeh.
  4161 | D:7      | Found the +5 robe of Night {Dark MR+ SInv}
  4165 | D:7      | Reached XP level 9. HP: 63/79 MP: 8/8
  4167 | D:7      | Reached skill level 12 in Unarmed Combat
  4383 | D:7      | You fall through a shaft for 2 floors!
  4414 | D:9      | Reached skill level 13 in Unarmed Combat
  4721 | D:7      | Reached skill level 14 in Unarmed Combat
  5014 | D:7      | Reached XP level 10. HP: 73/87 MP: 9/9
  5579 | D:8      | Noticed a three-headed hydra
  5600 | D:8      | Killed a seven-headed hydra
  5600 | D:8      | Reached skill level 15 in Unarmed Combat
  5616 | D:8      | Reached ***** piety under Trog
  5776 | D:9      | Found a staircase to the Orcish Mines.
  5849 | D:9      | Found a staircase to the Lair.
  6016 | D:9      | Noticed Erolcha
  6037 | D:9      | Killed Erolcha
  6037 | D:9      | Reached skill level 16 in Unarmed Combat
  6141 | D:9      | Noticed a two-headed ogre
  6152 | D:9      | Killed a two-headed ogre
  6152 | D:9      | Reached XP level 11. HP: 90/96 MP: 10/10
  6168 | D:9      | Found Doxeynuk's Distillery.
  6172 | D:9      | Bought a potion of lignification for 51 gold pieces
  6172 | D:9      | Bought a potion of mutation for 136 gold pieces
  6172 | D:9      | Bought a potion of degeneration for 17 gold pieces
  6172 | D:9      | Gained mutation: You evolve. [potion of mutation]
  6172 | D:9      | Gained mutation: Armour fits poorly on your strangely shaped body. [potion of mutation]
  6172 | D:9      | Gained mutation: You have a pair of small horns on your head. [potion of mutation]
  6177 | D:9      | Gained mutation: Your spells are a little harder to cast, but a little more powerful. [evolution]
  6677 | D:10     | Entered Level 10 of the Dungeon
  6718 | D:10     | Noticed a two-headed ogre
  6730 | D:10     | Killed a two-headed ogre
  6777 | D:10     | Noticed a two-headed ogre
  6792 | D:10     | Killed a two-headed ogre
  6797 | D:10     | Lost mutation: You evolve. [potion of mutation]
  6797 | D:10     | Lost mutation: Your spells are a little harder to cast, but a little more powerful. [potion of mutation]
  6797 | D:10     | Gained mutation: You are surrounded by a mild repulsion field. (EV +2) [potion of mutation]
  6797 | D:10     | Gained mutation: You have a pair of horns on your head. [potion of mutation]
  6814 | D:10     | Found Qipat's Jewellery Shop.
  6852 | D:10     | Noticed a sixfirhy
  6863 | D:10     | Slain by a sixfirhy

Vault maps used:
D:1:      giann_bridges, minmay_cupped
D:2:      tgw_fedhas
D:4:      lemuel_round_altar, lemuel_coloured_pillars_altar,
          lemuel_crystal_altar, cheibrodos_sewer_entry_drain
D:5:      gammafunk_wand_slinger, lemuel_crystal_altar,
          minmay_temple_entry_trees, first_ration, uniq_grinder, uniq_menkaure
D:6:      grunt_temple_overflow_opulence
D:8:      hangedman_ranch
D:9:      due_lair_maze_entry_diamond, orc_0_dummy, serial_shops, shop,
          uniq_erolcha
D:10:     serial_shops, nicolae_shop_trees, shop, uniq_sonja
Sewer:    sewer_co_15_rooms

Skill      XL: |  1  2  3  4  5  6  7  8  9 10 11 |
---------------+----------------------------------+-----
Unarmed Combat | 4 6 8 10 11 14 16 | 16.5
Fighting       | 3 4 |  4.5
Dodging        | |  2.4

Action                   |  1- 3 |  4- 6 |  7- 9 | 10-12 || total
-------------------------+-------+-------+-------+-------++-------
Melee: Unarmed           |    98 |   131 |   266 |   156 ||   651
       Punch             |       |     6 |     8 |    12 ||    26
       Headbutt          |       |       |       |     8 ||     8
Invok: Trog's Hand       |       |       |     3 |     3 ||     6
       Berserk           |       |       |     1 |     1 ||     2
       Brothers in Arms  |       |       |       |     1 ||     1
Evoke: Wand              |       |       |       |     3 ||     3
  Use: Scroll            |     4 |       |     4 |     3 ||    11
       Potion            |       |       |       |     5 ||     5
 Stab: Sleeping          |     1 |       |       |       ||     1
  Eat: Chunk             |     1 |    17 |    26 |    15 ||    59
       Ration            |       |       |     2 |       ||     2
Armor: Animal skin       |    39 |    46 |    66 |       ||   151
       Robe              |       |       |     1 |    46 ||    47
Dodge: Dodged            |    51 |    67 |    97 |    69 ||   284

Table legend:
 A = Spawn XP
 B = Non-spawn XP
 C = Spawn XP percentage of total XP
 D = Spawn monster count
 E = Non-spawn monster count
 F = Spawn count percentage of total count
 G = Total turns spent on level
                    A         B        C        D         E        F      G
               +---------+---------+-------+---------+---------+-------+---------
         Total |       0 |   14992 |   0.0 |       0 |     241 |   0.0 |  6863
               +---------+---------+-------+---------+---------+-------+---------
           D:1 |       0 |      43 |   0.0 |       0 |      22 |   0.0 |   418
           D:2 |       0 |     105 |   0.0 |       0 |      29 |   0.0 |   722
           D:3 |       0 |     176 |   0.0 |       0 |      18 |   0.0 |   450
           D:4 |       0 |     354 |   0.0 |       0 |      19 |   0.0 |   401
           D:5 |       0 |     716 |   0.0 |       0 |      17 |   0.0 |   969
           D:6 |       0 |     586 |   0.0 |       0 |      10 |   0.0 |   754
           D:7 |       0 |    1821 |   0.0 |       0 |      33 |   0.0 |   917
           D:8 |       0 |    3283 |   0.0 |       0 |      30 |   0.0 |   674
           D:9 |       0 |    4887 |   0.0 |       0 |      29 |   0.0 |  1083
          D:10 |       0 |    2691 |   0.0 |       0 |      12 |   0.0 |   186
         Sewer |       0 |     330 |   0.0 |       0 |      22 |   0.0 |   289
               +---------+---------+-------+---------+---------+-------+---------
